 Dungeon Crawl Stone Soup version 0.26.1-11-gd32895ea62 (webtiles) character file.

Game seed: 7544422242022171675

123 GenialerGandalf the Shield-Bearer (level 5, 0/46 HPs)
             Began as a Hill Orc Fighter on July 11, 2021.
             Slain by a gnoll
             ... wielding a +0 halberd
              (10 damage)
             ... on level 3 of the Dungeon.
             The game lasted 00:06:05 (2310 turns).

GenialerGandalf the Shield-Bearer (HOFi)            Turns: 2310, Time: 00:06:05

Health: 0/46       AC:  7    Str: 20    XL:     5   Next: 7%
Magic:  5/5        EV:  7    Int:  8    God:
Gold:   57         SH:  9    Dex: 10    Spells: 4/4 levels left

rFire    . . .     SeeInvis .   a - +0 war axe
rCold    . . .     Faith    .   c - +0 kite shield
rNeg     . . .     Spirit   .   b - +0 scale mail
rPois    .         Reflect  .   (no helmet)
rElec    .         Harm     .   (no cloak)
rCorr    .         Rampage  .   (no gloves)
Will     .....                  (no boots)
Stlth    ..........             (no amulet)
HPRegen  0.15/turn              (no ring)
MPRegen  0.09/turn              (no ring)

@: no status effects
A: no striking features
a: no special abilities


You were on level 3 of the Dungeon.
You visited 1 branch of the dungeon, and saw 3 of its levels.

You collected 57 gold pieces.

Inventory:

Hand Weapons
 a - a +0 war axe (weapon)
Armour
 b - a +0 scale mail (worn)
 c - a +0 kite shield (worn)
 o - a +0 leather armour
Wands
 n - a wand of random effects (23)
Scrolls
 f - a scroll of teleportation
 i - 2 scrolls of identify
 l - a scroll of amnesia {unknown}
 m - a scroll of random uselessness {unknown}
Potions
 d - 2 potions of might
 g - a potion of invisibility {unknown}
 h - 2 potions of haste {unknown}
 k - a potion of mutation {unknown}


   Skills:
 + Level 3.9 Fighting
 + Level 3.9 Axes
 + Level 3.9 Armour
 + Level 0.3 Dodging
 + Level 0.8 Stealth
 + Level 4.5 Shields
 * Level 0.1 Spellcasting
 * Level 0.3 Evocations


You had 4 spell levels left.
You didn't know any spells.
Your spell library contained the following spells:

 Spells                   Type           Power        Failure   Level
 Animate Skeleton         Necr           0%           99%         1
 Apportation              Tloc           0%           99%         1
 Corona                   Hex            0%           99%         1
 Summon Small Mammal      Summ           0%           99%         1


Dungeon Overview and Level Annotations

Branches:
Dungeon (3/15)

Altars:
Hepliaklqana
Vehumet


Message History

The gnoll shouts!
You hear a shout! x2
A gnoll comes into view. It is wielding a +0 halberd.
You feel sick.
You are no longer poisoned.
You see here a purple potion.
A gnoll comes into view. It is wielding a +0 halberd.
The gnoll shouts!
A gnoll comes into view. It is wielding a +0 spear.
The gnoll shouts!
The gnoll closely misses you.
The gnoll hits you from afar with a +0 halberd!
The gnoll hits you from afar with a +0 halberd.
You block the gnoll's attack.
A rat comes into view.
You block the gnoll's attack. The gnoll barely misses you.
The gnoll hits you from afar with a +0 halberd!
* * * LOW HITPOINT WARNING * * *
There is a stone staircase leading up, spattered with blood here.
The gnoll hits you from afar with a +0 halberd!
You die...

#...... ###....
#....####.....
#............
#..........####.#
#...............#
#..........!#
#..†....g...#
#.).....g...###
#......@.gg.r....
#................
#................
#................
#................
#................
###########......
....


You could see 4 gnolls and a rat.

Vanquished Creatures
  Jessica (D:3)
  Terence (D:2)
  4 adders
  A worm (D:2)
  2 leopard geckos
  5 bats
  4 giant cockroaches
  4 goblins
  3 hobgoblins
  A kobold (D:2)
  3 frilled lizards (D:2)
  7 rats
36 creatures vanquished.

Vanquished Creatures (others)
  8 plants (D:1)
8 creatures vanquished.

Grand Total: 44 creatures vanquished

Notes
Turn   | Place    | Note
-------+----------+-------------------------------------------
     0 | D:1      | GenialerGandalf the Hill Orc Fighter began the quest for
                  | the Orb.
     0 | D:1      | Reached XP level 1. HP: 19/19 MP: 1/1
   240 | D:1      | Reached XP level 2. HP: 27/27 MP: 2/2
  1036 | D:2      | Reached XP level 3. HP: 33/33 MP: 3/3
  1170 | D:2      | Reached skill level 4 in Shields
  1497 | D:2      | Noticed Terence
  1515 | D:2      | Killed Terence
  1516 | D:2      | Reached XP level 4. HP: 28/40 MP: 4/4
  2203 | D:2      | Found a radiant altar of Vehumet.
  2204 | D:2      | Found a hazy altar of Hepliaklqana.
  2264 | D:3      | Noticed Jessica
  2270 | D:3      | Killed Jessica
  2288 | D:3      | Reached XP level 5. HP: 28/46 MP: 5/5
  2310 | D:3      | Slain by a gnoll

Illustrated notes

Levels and vault maps discovered:
D:1:      lightli_arrival_statuegarden, layout_basic
D:2:      layout_basic, gammafunk_temple_overflow_pools, uniq_terence
D:3:      layout_basic, zin_angel, minmay_misc_feat_hallway,
          uniq_crazy_yiuf_cottage, uniq_jessica, uniq_natasha

Skill      XL: |  1  2  3 |
---------------+----------+-----
Axes           | 3 |  3.9
Shields        | 4 |  4.5
Fighting       | |  3.9
Armour         | |  3.9
Dodging        | |  0.3
Stealth        | |  0.8
Spellcasting   | |  0.1
Evocations     | |  0.3

Action                   |  1- 3 |  4- 6 || total
-------------------------+-------+-------++-------
Melee: War axe           |   123 |    30 ||   153
  Use: Scroll            |       |     3 ||     3
Armor: Scale mail        |    83 |    14 ||    97
Dodge: Dodged            |    48 |    17 ||    65
Block: Kite shield       |    84 |    30 ||   114
